Map: Dusty Gorge

Players

Adversity

  • Race: Terran Terran
  • Spawn Location: 11:00

FukYou

  • Race: Zerg Zerg
  • League: Diamond
  • Spawn Location: 9:00

Revenge

  • Race: Terran Terran
  • Spawn Location: 5:00

Rocketeer

  • Race: Terran Terran
  • Spawn Location: 3:00

VOD

Have the link to the VOD?

Description

Time

  • Played on: Aug. 8, 2018, 8:55 p.m.
  • Length: 4:04
Show
View Real Time Build Order
Export as new Build Order

Adversity Terran 

Build Orders:  

Get SALT Encoding   

  12  0:01  SCV  
  13  0:13  SCV  
  14  0:19  Supply Depot  
  14  0:26  SCV  
  15  0:30  Refinery  
  15  0:40  SCV  
  16  0:46  Barracks  
  16  0:52  SCV  
  17  1:04  SCV  
  17  1:09  Barracks  
  18  1:17  SCV  
  19  1:26  Barracks  
  19  1:35  Reaper  
  20  1:42  Orbital Command  
  20  1:57  Reaper  
  20  1:58  Supply Depot  
  21  2:02  Refinery  
  21  2:07  Reaper  
  22  2:10  SCV  
  23  2:19  Reaper  
  24  2:23  Supply Depot  
  24  2:26  SCV  
  25  2:36  Reaper  
  26  2:42  Reaper  
  27  2:47  SCV  
  28  2:51  Reaper  
  28  3:02  Command Center  
  28  3:07  SCV  
  28  3:08  Reaper  
  30  3:16  Reaper  
  30  3:19  SCV  
  32  3:23  Reaper  
  33  3:30  Barracks  
  33  3:32  SCV  
  35  3:47  Command Center  
Show
View Real Time Build Order
Export as new Build Order

FukYou Zerg 

Build Orders: 3 Hatch before Pool 

Get SALT Encoding   

  12  0:03  Drone  
  13  0:13  Overlord  
  14  0:21  Drone  
  14  0:34  Drone x2  
  16  0:38  Drone  
  17  0:49  Drone  
  18  1:03  Drone, Hatchery  
  18  1:26  Hatchery  
  18  1:28  Drone  
  18  1:31  Drone  
  19  1:34  Drone  
  20  1:41  Drone, Extractor  
  20  1:58  Drone, Spawning Pool  
  20  2:03  Drone  
  21  2:22  Overlord  
  21  2:26  Drone  
  21  2:29  Drone  
  23  2:30  Drone  
  23  2:41  Drone x3  
  26  2:45  Drone  
  27  2:53  Drone x2  
  27  2:56  Drone  
  27  2:58  Drone  
  31  3:00  Drone  
  32  3:07  Drone  
  32  3:08  Drone  
  32  3:11  Spine Crawler  
  33  3:16  Zergling x2  
  33  3:18  Drone  
  36  3:20  Drone  
  36  3:22  Baneling Nest, Drone  
  36  3:31  Drone  
  36  3:32  Drone  
Show
View Real Time Build Order
Export as new Build Order

Revenge Terran 

Build Orders:  

Get SALT Encoding   

  12  0:01  SCV  
  13  0:13  SCV  
  14  0:18  Supply Depot  
  14  0:25  SCV  
  15  0:29  Refinery  
  15  0:40  SCV  
  16  0:46  Barracks  
  16  0:52  SCV  
  17  1:05  SCV  
  17  1:08  Barracks  
  18  1:17  SCV  
  19  1:28  Barracks  
  19  1:34  Reaper  
  20  1:43  Orbital Command  
  20  1:55  Reaper  
  20  1:59  Supply Depot  
  21  2:05  Refinery  
  21  2:06  Reaper  
  22  2:10  SCV  
  23  2:21  Reaper  
  23  2:22  SCV  
  25  2:30  Supply Depot  
  25  2:32  Reaper  
  25  2:34  SCV  
  27  2:40  Reaper  
  28  2:46  SCV  
  29  2:59  Reaper  
  29  3:04  Reaper  
  31  3:06  Command Center  
  31  3:08  SCV  
  32  3:14  Supply Depot  
  32  3:17  Reaper  
  33  3:22  SCV  
  34  3:32  Reaper  
  35  3:34  SCV  
  36  3:41  Barracks  
  37  3:50  Barracks  
Show
View Real Time Build Order
Export as new Build Order

Rocketeer Terran 

Build Orders: Gas First Reaper Expand 

Get SALT Encoding   

  12  0:01  SCV  
  13  0:13  SCV  
  14  0:18  Supply Depot  
  14  0:25  SCV  
  15  0:30  Refinery  
  15  0:39  SCV  
  16  0:45  Barracks  
  16  0:52  SCV  
  17  1:04  SCV  
  18  1:16  SCV  
  19  1:32  Orbital Command  
  19  1:33  Reaper  
  20  1:45  Command Center  
  20  1:55  Factory  
  20  2:00  SCV  
  21  2:08  Barracks Reactor  
  21  2:10  Supply Depot  
  21  2:12  SCV  
  22  2:19  Refinery  
  22  2:24  SCV  
  23  2:36  SCV  
  23  2:44  Starport  
  23  2:49  SCV  
  24  2:56  Hellion  
  24  2:57  Hellion, Barracks Tech Lab  
  28  2:59  Orbital Command  
  28  3:02  SCV  
  29  3:16  SCV  
  29  3:18  Hellion x2  
  34  3:24  Supply Depot  
  34  3:25  SCV  
  38  3:37  SCV  
  39  3:43  Hellion  
  39  3:45  SCV  
Tags
 
Add a new tag
Caveats
  • Supply blocks, unpowered buildings, or Contaminate may cause inaccurate times.
  • Supply counts are checked every 10 seconds.